[Event "*** Titled Tuesday Blitz"]
[Site "Chess.com"]
[Date "2019.05.07"]
[Round "2"]
[White "nonscitis"]
[Black "GMKrikor"]
[Result "1-0"]
[WhiteElo "2574"]
[BlackElo "2769"]
[TimeControl "180+2"]
[EndTime "13:23:33 PDT"]
[Termination "nonscitis won by resignation"]

1. d4 Nf6 2. c4 e6 3. Nf3 Bb4+ 4. Bd2 a5 5. g3 d6 6. Bg2 Nbd7 7.
O-O e5 8. Bg5 exd4 9. Nxd4 O-O 10. a3 Bc5 11. Nc3 h6 12. Bf4 a4 13. Rc1 Re8 14.
e4 Nb6 15. Qd3 Ng4 16. Nf3 Ne5 17. Bxe5 dxe5 18. Qxd8 Rxd8 19. Nxe5 c6 20. Rfd1 Be6 21. Bf1 f6 22. Nd3 Bd4 23. Nf4 Bxc4 24. Bxc4+ Nxc4 25. Ne6 Bxc3 26. Rxd8+ Rxd8 27. Nxd8 Bxb2 28. Rxc4 b5 29.
Rxc6 Bxa3 30. Ra6 Bf8 31. Nc6 a3 32. Nd4 b4 33. Nb3 Kf7 34. Kf1 Ke8 35. Ke2 Kd7 36. Kd3 Kc7 37. Kc4 1-0

[Event "*** Titled Tuesday Blitz"]
[Site "Chess.com"]
[Date "2019.05.07"]
[Round "2"]
[White "c63_amg"]
[Black "cherryandmint"]
[Result "1-0"]
[WhiteElo "2665"]
[BlackElo "2678"]
[TimeControl "180+2"]
[EndTime "13:23:35 PDT"]
[Termination "c63_amg won by resignation"]

1. e4 e5 2. Nf3 Nc6 3. d4 exd4 4. Bc4 Nf6 5. e5 d5 6. Bb5 Ne4 7. Nxd4 Bd7 8. Bxc6 bxc6 9. O-O Bc5 10. f3 Ng5 11.
Be3 Bb6 12. f4 Ne6 13. c3 c5 14. Nxe6 fxe6 15. f5 O-O 16. f6 Rf7 17. Nd2 gxf6 18.
exf6 e5 19. Nf3 Qxf6 20. Qxd5 Bc6 21. Qc4 Qg6 22. Ng5 Rf8 23. Rxf7 Rxf7 24. Rf1 Be8 25. Nxf7 Bxf7 26. Qh4 c6 27. Rf3 Qb1+ 28. Rf1 Qd3 29.
Qf2 Qg6 30. Bxc5 Bxc5 31. Qxc5 h6 32. Qxa7 Qe6 33. Qxf7+ Qxf7 34. Rxf7 Kxf7 35. Kf2 1-0

[Event "*** Titled Tuesday Blitz"]
[Site "Chess.com"]
[Date "2019.05.07"]
[Round "2"]
[White "Satscho"]
[Black "SoltaniciR"]
[Result "0-1"]
[WhiteElo "2299"]
[BlackElo "2496"]
[TimeControl "180+2"]
[EndTime "13:23:35 PDT"]
[Termination "SoltaniciR won by resignation"]

1. e4 c5 2. Nf3 d6 3. Bb5+ Nd7 4. c3 Nf6 5. Qe2 a6 6. Ba4 b5 7. Bc2 Bb7 8. O-O Qc7 9. d3 g6 10. Re1 Bg7 11. Nbd2 O-O 12. Nf1 e5 13. h3 Rfe8 14.
N3h2 d5 15. Ng4 c4 16. dxc4 Nxg4 17. hxg4 dxc4 18. g5 Nc5 19. b4 Ne6 20. Qg4 Rad8 21.
Nh2 Nf4 22. Bxf4 exf4 23. Rad1 Bxc3 24. Rf1 Bxb4 25. Qh4 Bc8 26. Nf3 Bc3 27. Rd5 Be6 28. Rxd8 Rxd8 29. g3 fxg3 30. Kg2 b4 31. Rh1 b3 32.
Qxh7+ Kf8 33. axb3 cxb3 34. e5 Bxe5 35. Nxe5 Qxe5 36.
Bxg6 gxf2 37. Qh6+ Qg7 0-1

[Event "*** Titled Tuesday Blitz"]
[Site "Chess.com"]
[Date "2019.05.07"]
[Round "2"]
[White "Caisachess"]
[Black "Cruel_Yaro"]
[Result "0-1"]
[WhiteElo "2350"]
[BlackElo "2749"]
[TimeControl "180+2"]
[EndTime "13:23:38 PDT"]
[Termination "Cruel_Yaro won by checkmate"]

1. e4 c6 2. d4 d5 3. exd5 cxd5 4. c4 e6 5. Nc3 Nf6 6. Nf3 Be7 7. Bd3 O-O 8. O-O b6 9. Re1 dxc4 10. Bxc4 Bb7 11.
Ne5 Nc6 12. Be3 Na5 13. Bd3 Rc8 14. Qe2 Nd5 15. Qh5 g6 16. Nxg6 hxg6 17. Bxg6 Nf6 18.
Qg5 fxg6 19. Qxg6+ Kh8 20. Qh6+ Nh7 21. Qxe6 Rxc3 22.
bxc3 Bd5 23. Qh6 Rg8 24. g3 Bf8 25. Qh5 Nc4 26. Bf4 Ba8 27. Be5+ Nxe5 28. Qxe5+ Bg7 29. Qh5 Qc8 30. d5 Qxc3 31. Rad1 Bd4 32. Re8 Bxd5 33. Qxd5 Rxe8 34. Qxd4+ Qxd4 35. Rxd4 Nf6 36. Rd6 Kg7 37. Kg2 Re2 38. a3 Rxf2+ 39. Kh3 Rf3 40. a4 Ra3 41. Rd4 a5 42. Kh4 Kg6 43. h3 Rb3 44. g4 Rb4 45. Rd6 Rxa4 46. Rxb6 Rb4 47. Ra6 a4 48. Kg3 Kf7 49.
g5 Ne4+ 50. Kg2 Nxg5 51. Ra7+ Kg6 52. Ra6+ Kh5 53. Ra5 Kh4 54. Ra8 Rb2+ 55. Kf1 Ra2 56. Rh8+ Kg3 57. h4 Nf3 58. h5 Rf2# 0-1

[Event "*** Titled Tuesday Blitz"]
[Site "Chess.com"]
[Date "2019.05.07"]
[Round "2"]
[White "Korchmar_Vasiliy"]
[Black "Witik"]
[Result "1-0"]
[WhiteElo "2820"]
[BlackElo "2608"]
[TimeControl "180+2"]
[EndTime "13:23:44 PDT"]
[Termination "Korchmar_Vasiliy won on time"]

1. d4 d5 2. Nf3 e6 3. c4 c6 4. g3 Bd6 5. Bg2 f5 6. O-O Nf6 7. Nc3 O-O 8. Qc2 Qe8 9. c5 Be7 10. b4 b6 11. Bf4 Ne4 12. a4 Nd7 13. Nxe4 fxe4 14. Ne5 Nxe5 15. Bxe5 bxc5 16. bxc5 Ba6 17. f3 Qh5 18. g4 Qg6 19. h3 h5 20. gxh5 Qxh5 21.
fxe4 Bxe2 22. Rxf8+ Rxf8 23. exd5 exd5 24. Re1 Bc4 25.
Bxg7 Rf7 26. Be5 Qh4 27. Qg6+ Kf8 28. Rb1 Qf2+ 29. Kh1 Ke8 30. Qe6 1-0

[Event "*** Titled Tuesday Blitz"]
[Site "Chess.com"]
[Date "2019.05.07"]
[Round "2"]
[White "Iball95"]
[Black "Msb2"]
[Result "1-0"]
[WhiteElo "2622"]
[BlackElo "2952"]
[TimeControl "180+2"]
[EndTime "13:23:47 PDT"]
[Termination "Iball95 won by checkmate"]

1. e4 e6 2. d4 d5 3. Nd2 Be7 4.
Ngf3 Nf6 5. Bd3 c5 6. dxc5 dxe4 7.
Nxe4 Nxe4 8. Bxe4 Qxd1+ 9. Kxd1 Bxc5 10. Ke2 Nd7 11. Be3 Bxe3 12. Kxe3 Nc5 13. Rad1 Ke7 14.
Ne5 f6 15. Nc4 Nxe4 16. Kxe4 Bd7 17. f3 Rac8 18. Na3 b5 19. c3 a5 20. Rd2 b4 21.
cxb4 axb4 22. Nc2 e5 23. Ke3 Rb8 24. Rhd1 Be6 25. a3 bxa3 26. bxa3 Rhc8 27. Nb4 Ra8 28. Rd3 Ra5 29. Kf2 Rac5 30. R1d2 g5 31. Rd6 Rc1 32.
Rb6 Bg8 33. Rdd6 Rf8 34. g4 Ra1 35. Ra6 Bc4 36. Rac6 Rxa3 37. Rd2 Be6 38. Rc7+ Ke8 39. Nc6 Bd7 40. Rdxd7 Ra2+ 41. Kg3 h5 42. Re7# 1-0

[Event "*** Titled Tuesday Blitz"]
[Site "Chess.com"]
[Date "2019.05.07"]
[Round "2"]
[White "RojonR"]
[Black "Maikrosoft63"]
[Result "0-1"]
[WhiteElo "2402"]
[BlackElo "2565"]
[TimeControl "180+2"]
[EndTime "13:23:47 PDT"]
[Termination "Maikrosoft63 won by resignation"]

1. e4 c5 2. Nf3 Nc6 3. d4 cxd4 4. Nxd4 Nf6 5. Nc3 d6 6. Be2 e5 7. Nb3 Be7 8. O-O O-O 9. Be3 a5 10. a4 Nb4 11. Bf3 Be6 12. Nd5 Nfxd5 13. exd5 Bf5 14. c3 Nc2 15. Rc1 Nxe3 16. fxe3 Qd7 17. e4 Bg6 18. Nd2 Bg5 19. Ra1 Qc7 20. Be2 Qb6+ 21. Kh1 Qxb2 22. Nc4 Qxc3 23. Nxd6 Rad8 24. Nb5 Qe3 25. Bf3 Bxe4 26. Bxe4 Qxe4 27. d6 Qc6 28. Qb3 Rd7 29. Rad1 g6 30. Rd5 Bf4 31. Qf3 f5 32. g3 Bh6 33. Rxe5 Qxf3+ 34. Rxf3 Kf7 35. Rc5 Rfd8 36.
Rfc3 Bg7 37. R3c4 Ke6 38. Rc2 Bf8 39. Re2+ Kf6 40. Rce5 Bxd6 41. Re6+ Kg5 42. h4+ Kg4 43. Kg2 Bxg3 44. R6e3 f4 45. Re5 f3+ 0-1

[Event "*** Titled Tuesday Blitz"]
[Site "Chess.com"]
[Date "2019.05.07"]
[Round "2"]
[White "checkmatequen"]
[Black "Denis_Palkovich"]
[Result "1-0"]
[WhiteElo "2188"]
[BlackElo "2264"]
[TimeControl "180+2"]
[EndTime "13:23:48 PDT"]
[Termination "checkmatequen won by resignation"]

1. e4 c6 2. d4 d5 3. Nc3 dxe4 4. Nxe4 Nf6 5. Nxf6+ exf6 6. c3 Bf5 7. Nf3 Bd6 8.
Bd3 Bxd3 9. Qxd3 O-O 10. O-O Nd7 11. c4 Re8 12. Bd2 Nc5 13. Qc2 Ne4 14. Rfe1 f5 15. Bc3 Qf6 16. Rad1 Qh6 17. g3 Nxc3 18. bxc3 f4 19.
c5 Bc7 20. Qf5 fxg3 21. hxg3 Re6 22. Rxe6 fxe6 23. Qg4 Rf8 24. Re1 Rf5 25. Nh4 Rf6 26. c4 Kf7 27. d5 cxd5 28. cxd5 g5 29. dxe6+ Rxe6 30. Rxe6 Qxe6 31. Qxg5 Qe1+ 32. Kg2 Qe4+ 33. Kh2 Qc2 34. Qd5+ Ke7 35. Kg2 b6 36. c6 Qc5 37.
Qd7+ Kf6 38. Qxc7 Qd5+ 39. Kh2 Qd2 40. Qf4+ Qxf4 41. gxf4 Ke6 42. f5+ Kd6 43. f6 1-0

[Event "*** Titled Tuesday Blitz"]
[Site "Chess.com"]
[Date "2019.05.07"]
[Round "2"]
[White "tteshan"]
[Black "Kirill_Klukin"]
[Result "0-1"]
[WhiteElo "2312"]
[BlackElo "2529"]
[TimeControl "180+2"]
[EndTime "13:23:49 PDT"]
[Termination "Kirill_Klukin won by resignation"]

1. d4 Nf6 2. c4 Nc6 3. Nc3 e6 4. e3 Bb4 5. Bd3 O-O 6. Ne2 d6 7. O-O e5 8. a3 Bxc3 9. bxc3 h6 10. a4 Qe7 11. Ba3 Rd8 12. Ng3 g6 13. Qe2 Kg7 14.
Rad1 b6 15. Bb1 Bb7 16. Qb2 Na5 17. Ba2 Ba6 18. Qb4 c5 19. Qb1 Bxc4 20. Rfe1 Qe6 21. Bxc4 Nxc4 22. Bc1 h5 23. Qb5 h4 24. Ne2 a6 25.
Qb3 Rab8 26. d5 Nxd5 27. Qxc4 Nc7 28. Qxe6 fxe6 29. c4 b5 30. axb5 axb5 31. cxb5 Nxb5 32. Bb2 h3 33. gxh3 Kf7 34. Ra1 e4 35. Reb1 d5 36.
Be5 Rb7 37. Nc3 Nd6 38. Rxb7+ Nxb7 39. Ra7 Rd7 40. Nb5 Ke7 41. Kg2 g5 42. Kg3 Nd8 43. Rxd7+ Kxd7 44. Bf6 Nf7 45. Kg4 Kc6 46. Nc3 e5 47. Bxg5 c4 48. h4 Kc5 49. Be7+ Kc6 50.
h5 d4 51. exd4 exd4 52. Nxe4 Kd5 53. Kf4 c3 54. Ba3 Kc4 55. Nd6+ Kb3 56. Nxf7 d3 57. Ke3 d2 58. Ke2 Kc2 59. h6 d1=Q+ 60. Ke3 Qh5 61. Ne5 Qxe5+ 62. Kf3 Qxh2 0-1

[Event "*** Titled Tuesday Blitz"]
[Site "Chess.com"]
[Date "2019.05.07"]
[Round "2"]
[White "Shant_Sargsyan"]
[Black "GMsKoRPioN"]
[Result "1-0"]
[WhiteElo "2957"]
[BlackElo "2592"]
[TimeControl "180+2"]
[EndTime "13:23:50 PDT"]
[Termination "Shant_Sargsyan won by resignation"]

1. d4 g6 2. e4 d6 3. Nc3 Bg7 4. Be3 a6 5. Qd2 b5 6. a3 Bb7 7. f3 Nd7 8. h4 Ngf6 9. Nh3 Rc8 10. Nf4 c5 11. dxc5 Nxc5 12. h5 Rg8 13. hxg6 hxg6 14. O-O-O Qc7 15. Kb1 Nfd7 16. Ncd5 Bxd5 17. Nxd5 Qc6 18.
Bg5 f6 19. Be3 Na4 20. Nb4 Qb7 21. Qd5 Qxd5 22. exd5 f5 23. Bc1 Nac5 24. g4 fxg4 25. fxg4 Ne5 26. Nxa6 Nc4 27. Nxc5 Rxc5 28. Bd3 Ne5 29.
Be2 Rf8 30. b4 Rc8 31. Bxb5+ Kd8 32. Rhf1 Nxg4 33. Rxf8+ Bxf8 34. Rg1 Ne5 35. Bb2 Bg7 36. c4 Bf6 37. Bxe5 Bxe5 38. Rxg6 Kc7 39. Re6 Bf6 40. c5 Rf8 41. Kc2 Rf7 42. Bd3 Be5 43. Kb3 Rf3 44. Kc4 Rf4+ 45. Kb5 Rd4 46. Bf5 Kd8 47. Kc6 Rf4 48. Rg6 Ke8 49. Be6 Rf8 50. a4 Rh8 51.
cxd6 exd6 52. Rg8+ Rxg8 53. Bxg8 Kd8 54. Be6 Bc3 55.
b5 Ba5 56. Kxd6 Bc7+ 57. Kc6 Bb8 58. b6 Ke7 59. a5 Kd8 60. a6 Ke7 61. a7 Bxa7 62.
bxa7 1-0

[Event "*** Titled Tuesday Blitz"]
[Site "Chess.com"]
[Date "2019.05.07"]
[Round "2"]
[White "ChessWeebs"]
[Black "Karacsonyi_Gellert"]
[Result "1-0"]
[WhiteElo "2776"]
[BlackElo "2554"]
[TimeControl "180+2"]
[EndTime "13:23:55 PDT"]
[Termination "ChessWeebs won on time"]

1. d4 Nf6 2. Nf3 d5 3. Bf4 c5 4. e3 Nc6 5. Nbd2 e6 6. c3 Be7 7. Bd3 O-O 8. Qe2 c4 9. Bc2 b5 10. e4 b4 11. e5 Ne8 12. h4 f5 13. exf6 Nxf6 14. Ng5 Bd6 15. Be5 h6 16. f4 Rb8 17.
Rb1 bxc3 18. bxc3 Rxb1+ 19. Bxb1 Ba3 20. Rh3 Qe8 21. g4 Bc1 22. Ndf3 Nxg4 23. Nh7 Ngxe5 24. fxe5 Rf4 25. Rg3 Qf7 26. Kd1 Bb2 27. Bg6 Qb7 28.
Qd2 Bxc3 29. Qxc3 Qb6 30. Qd2 c3 31. Qxf4 c2+ 32. Bxc2 Qb4 33. Rxg7+ Kxg7 34. Qf6+ Kg8 35. Qg6+ Kh8 36. Nf6 1-0

[Event "*** Titled Tuesday Blitz"]
[Site "Chess.com"]
[Date "2019.05.07"]
[Round "2"]
[White "Caterpiller35"]
[Black "Naruto-K"]
[Result "0-1"]
[WhiteElo "2403"]
[BlackElo "2540"]
[TimeControl "180+2"]
[EndTime "13:23:55 PDT"]
[Termination "Naruto-K won by resignation"]

1. d4 Nf6 2. Bg5 c5 3. d5 b5 4. a4 b4 5. Bxf6 gxf6 6. Nd2 f5 7. Nc4 Bg7 8. e3 d6 9. Bd3 e5 10. Qh5 e4 11. Be2 Ba6 12. Qxf5 Qe7 13. Qxe4 Bxc4 14.
Qxe7+ Kxe7 15. Bxc4 Bxb2 16. Rb1 Bc3+ 17. Kf1 Nd7 18. f4 Nb6 19. Bb3 c4 20. Ba2 a5 21.
Ne2 Bd2 22. Kf2 Rac8 23. Rhd1 c3 24. Bb3 Kf6 25. Nd4 Rhe8 26. Rxd2 cxd2 27. Kf3 Rc3 28. Rd1 Rcxe3+ 29. Kf2 R3e4 30. Rxd2 Rxf4+ 31. Kg3 Rfe4 32. Nc6 Re3+ 33. Kf2 R8e4 34. Nxa5 Rc3 35. Nc6 Rf4+ 36. Ke2 Nd7 37. g3 Re4+ 38. Kf2 Ne5 39. Nxe5 Kxe5 40.
Rd1 f5 41. a5 Rc7 42. a6 Ra7 43. Ra1 Kd4 44. Ra4 Kc5 45. Kf3 Kb6 46. h3 Rxa6 47. Rxa6+ Kxa6 48. g4 Re5 49. g5 Re4 50. Kg3 Kb6 51. h4 Kc5 52. h5 Rg4+ 53. Kf3 Rxg5 54. Kf4 Rxh5 0-1

[Event "*** Titled Tuesday Blitz"]
[Site "Chess.com"]
[Date "2019.05.07"]
[Round "2"]
[White "Heineccius"]
[Black "Tartody"]
[Result "0-1"]
[WhiteElo "2496"]
[BlackElo "2493"]
[TimeControl "180+2"]
[EndTime "13:23:57 PDT"]
[Termination "Tartody won by resignation"]

1. d4 e6 2. c4 Nf6 3. Nc3 d5 4. cxd5 exd5 5. Bg5 Be7 6. e3 O-O 7. Bd3 h6 8. Bh4 Re8 9. Nge2 b6 10. Qc2 Bb7 11. O-O Nbd7 12. a3 c5 13. Rad1 c4 14. Bf5 a6 15. Bg3 b5 16. Nf4 Nf8 17. Rfe1 Qb6 18. f3 a5 19. Bf2 b4 20. Na4 Qb5 21. Nc5 Bxc5 22. dxc5 g6 23. Bh3 bxa3 24. bxa3 Qxc5 25.
e4 Qxa3 26. Nxd5 Nxd5 27. exd5 Rxe1+ 28. Bxe1 Qb3 29. Qc1 a4 30. Bc3 Rd8 31. d6 Qb6+ 32. Bd4 Qxd6 33. Qxh6 Qxd4+ 34. Rxd4 Rxd4 35. Qe3 Rd3 36. Qc5 Bd5 37. Bc8 a3 38. Qa5 c3 39. Qxa3 Rd1+ 40. Kf2 c2 0-1

[Event "*** Titled Tuesday Blitz"]
[Site "Chess.com"]
[Date "2019.05.07"]
[Round "2"]
[White "SaraciNderim"]
[Black "ENEASZ"]
[Result "1-0"]
[WhiteElo "2736"]
[BlackElo "2533"]
[TimeControl "180+2"]
[EndTime "13:23:59 PDT"]
[Termination "SaraciNderim won by resignation"]

1. d4 d5 2. c4 e6 3. Nf3 Nf6 4. g3 a6 5. Qc2 dxc4 6. Qxc4 b5 7. Qc2 Bb7 8. Bg2 Bb4+ 9. Bd2 Be4 10. Qc1 Bd6 11. O-O c6 12. Nc3 Bg6 13. Ne5 Bxe5 14.
dxe5 Nd5 15. Ne4 Bxe4 16. Bxe4 O-O 17. Qc2 h6 18. Rac1 Nd7 19. Qxc6 Nxe5 20. Qc2 Nc4 21. Rfd1 Qf6 22. Bxd5 exd5 23. Bc3 Qe6 24. b3 Nd6 25. Qd3 Rad8 26. Bb4 Rfe8 27. Qxd5 Qf6 28. Bxd6 Rxe2 29. Qc5 h5 30. h4 Rde8 31. a4 bxa4 32. bxa4 Qe6 33. Bf4 g6 34. Rd6 Qe4 35. Rdd1 Qe6 36. Qc6 Qa2 37. Be3 Re6 38. Rd8+ Kh7 39. Qf3 R6xe3 40.
fxe3 Rh2 41. Rcc8 Qb1+ 42. Kxh2 1-0

[Event "*** Titled Tuesday Blitz"]
[Site "Chess.com"]
[Date "2019.05.07"]
[Round "2"]
[White "TheBigBadChessDad"]
[Black "LastHeroJr"]
[Result "1-0"]
[WhiteElo "2319"]
[BlackElo "2485"]
[TimeControl "180+2"]
[EndTime "13:24:05 PDT"]
[Termination "TheBigBadChessDad won on time"]

1. d4 Nf6 2. Nf3 g6 3. Bg5 Bg7 4. Nbd2 O-O 5. c3 d6 6. e4 c5 7.
dxc5 dxc5 8. Bc4 Nc6 9. a4 Qc7 10.
Qe2 Nh5 11. Qe3 Ne5 12. Nxe5 Bxe5 13. Nf3 Bf4 14. Bxf4 Nxf4 15. O-O Be6 16. Bxe6 Nxe6 17. g3 Rfd8 18. Rfd1 Qb6 19. Qe2 a6 20. Ne5 Qb3 21.
a5 Rac8 22. Kg2 Kg7 23. Nc4 Qb5 24. Kf1 Rxd1+ 25. Rxd1 Rd8 26. Rd5 Rc8 27. Kg2 Nd8 28. Qd3 Nc6 29. Rd7 Kf8 30. Qd5 Kg7 31. h4 h5 32. Ne5 Nd8 33. Rxd8 Rxd8 34. Qxd8 Kf6 35. Qd5 Qxb2 36. Nxf7 Qxc3 37. Ng5 1-0

[Event "*** Titled Tuesday Blitz"]
[Site "Chess.com"]
[Date "2019.05.07"]
[Round "2"]
[White "JonasHilwerda"]
[Black "EfrenRamos1"]
[Result "1/2-1/2"]
[WhiteElo "2234"]
[BlackElo "2306"]
[TimeControl "180+2"]
[EndTime "13:24:09 PDT"]
[Termination "Game drawn - insufficient material"]

1. e4 c6 2. d4 d5 3. exd5 cxd5 4. Bd3 Nc6 5. c3 Qc7 6. Ne2 e5 7. dxe5 Nxe5 8. Bf4 Bd6 9. Bb5+ Nc6 10. Bxd6 Qxd6 11.
O-O Nf6 12. Re1 O-O 13. Ng3 Bg4 14. Qd2 Rfe8 15. Na3 a6 16. Ba4 Re6 17. Nc2 Rae8 18. h3 Rxe1+ 19. Rxe1 Rxe1+ 20. Nxe1 Be6 21. Nf3 Ne5 22.
Nxe5 Qxe5 23. Bb3 h6 24. Qd4 Qxd4 25. cxd4 Kf8 26. Kf1 Ke7 27. Ke2 Kd6 28. Kd3 g5 29. f3 Bd7 30. Kd2 a5 31. a3 b5 32. Bc2 h5 33. Bf5 h4 34. Bxd7 Kxd7 35. Ne2 Kd6 36. Ke3 Kd7 37. Nc1 Nh5 38. Nd3 f6 39. f4 Ng3 40. fxg5 fxg5 41. Nc5+ Kc6 42. Ne6 Nf5+ 43. Kd3 Nd6 44. Nxg5 Nc4 45. b3 Nxa3 46. Nf3 a4 47.
bxa4 bxa4 48. Nxh4 Kd6 49. Nf5+ Ke6 50. Ne3 Nb5 51. g4 a3 52. h4 a2 53. Nc2 Na3 54.
Na1 Nc4 55. Kc3 Ne3 56. g5 Kf5 57. Kb2 Ng2 58. Kxa2 Nxh4 59. Kb3 Nf3 60. Nc2 Nxd4+ 61. Nxd4+ Kxg5 62. Kb4 Kf4 63. Kc5 Ke3 64. Nb5 d4 65. Nxd4 1/2-1/2

[Event "*** Titled Tuesday Blitz"]
[Site "Chess.com"]
[Date "2019.05.07"]
[Round "2"]
[White "Keithonsky"]
[Black "JeremDev"]
[Result "1-0"]
[WhiteElo "2369"]
[BlackElo "2499"]
[TimeControl "180+2"]
[EndTime "13:24:13 PDT"]
[Termination "Keithonsky won by resignation"]

1. d4 Nf6 2. c4 c5 3. d5 b5 4. Qc2 Na6 5. a3 Nc7 6. e4 bxc4 7. Bxc4 e6 8. Nc3 exd5 9. exd5 d6 10.
Nf3 Be7 11. h3 O-O 12. O-O Re8 13. Rd1 Rb8 14. Bf4 Bd7 15. Bh2 a6 16. Rab1 Nb5 17. Ne2 g6 18. Rbc1 Bf5 19. Qa4 Bc8 20. b4 cxb4 21.
axb4 Bf8 22. Ned4 Nxd4 23. Nxd4 Bd7 24. Nc6 Qb6 25. Bf4 Nh5 26. Bd2 Bg7 27. Qxa6 Nf6 28.
Nxb8 Qxb8 29. Bc3 Ne4 30. Bxg7 Kxg7 31. b5 Bc8 32. Qa1+ f6 33. Re1 Qb6 34. Rc2 Bf5 35. Rce2 Re5 36. Kh2 Ng5 37. f4 Rxe2 38. Rxe2 Nf7 39. Qg1 Qc7 40. Qd4 h5 41. b6 Qb7 42.
Bb5 h4 43. Bc6 Qb8 44. Re7 Qd8 45. Qe3 Kf8 46. Re8+ 1-0

[Event "*** Titled Tuesday Blitz"]
[Site "Chess.com"]
[Date "2019.05.07"]
[Round "2"]
[White "Lagmantr"]
[Black "ShimanovAlex"]
[Result "1-0"]
[WhiteElo "2584"]
[BlackElo "2833"]
[TimeControl "180+2"]
[EndTime "13:24:14 PDT"]
[Termination "Lagmantr won by resignation"]

1. e4 c6 2. d4 d5 3. Nc3 dxe4 4. Nxe4 Nf6 5. Nxf6+ exf6 6. Be3 Bd6 7. Bd3 O-O 8. Ne2 Qc7 9. Ng3 Re8 10. O-O Nd7 11.
Nf5 Bf8 12. Qf3 Nb6 13. Rae1 Be6 14. Qh3 g6 15. Nh6+ Kh8 16. Qh4 Bg7 17. Ng4 Bxg4 18. Qxg4 f5 19. Qh4 Nd5 20. Bh6 Nb4 21. Bxg7+ Kxg7 22.
Bxf5 Qa5 23. c3 Qxf5 24. cxb4 Qc2 25. Re7 Qxb2 26. Rxb7 Qxa2 27. Qf4 Qd5 28. h3 Re4 29. Qc7 Rxd4 30. Re1 Rf8 31. Qa5 c5 32. Rxa7 Rxb4 33. Rc7 Rc4 34. Qa1+ Kg8 35. Qf6 Rd4 36. Rce7 c4 37. Re8 Qc5 38. Rxf8+ Qxf8 39. Qxd4 Qc8 40. Rc1 1-0

[Event "*** Titled Tuesday Blitz"]
[Site "Chess.com"]
[Date "2019.05.07"]
[Round "2"]
[White "Cryptochess"]
[Black "Vamostodorecto"]
[Result "1-0"]
[WhiteElo "2537"]
[BlackElo "2412"]
[TimeControl "180+2"]
[EndTime "13:24:19 PDT"]
[Termination "Cryptochess won by resignation"]

1. e4 e5 2. Nf3 Nc6 3. Bc4 Bc5 4. c3 d6 5. O-O Bb6 6. d4 exd4 7. cxd4 Bg4 8. Be3 Bxf3 9. Qxf3 Qf6 10. Bb5 Bxd4 11. Bxd4 Qxd4 12. Nc3 Ne7 13. Rad1 Qc5 14. Nd5 O-O 15.
Nxc7 Rac8 16. Bxc6 bxc6 17. Na6 Qa5 18. Qe2 d5 19. b4 Qb6 20. a3 dxe4 21. Nc5 f5 22. Nd7 Qc7 23. Nxf8 Rxf8 24. Qc4+ Kh8 25. Qe6 Nd5 26. Rc1 Nf4 27. Qxc6 Ne2+ 28. Kh1 Qf7 29. Rc5 h6 30. Qd6 Re8 31. Rc7 Qh5 32. Qd7 Rg8 33. Rc5 e3 34. Rxf5 Qh4 35. Qd3 Re8 36. Qxe2 Qe4 37. Rf3 Qc4 38. Qxc4 1-0

[Event "*** Titled Tuesday Blitz"]
[Site "Chess.com"]
[Date "2019.05.07"]
[Round "2"]
[White "pheonixking2000"]
[Black "Lagravesamuell"]
[Result "1-0"]
[WhiteElo "2770"]
[BlackElo "2630"]
[TimeControl "180+2"]
[EndTime "13:24:20 PDT"]
[Termination "pheonixking2000 won by resignation"]

1. d4 Nf6 2. Nf3 d5 3. Bf4 c5 4.
e3 Nc6 5. Nbd2 Qb6 6. dxc5 Qxc5 7. a3 Bg4 8. c4 Rd8 9. Qc2 dxc4 10. Bxc4 e6 11. b4 Qh5 12. h3 Bf5 13. Qa4 Nd5 14. Bxd5 exd5 15. b5 Nb8 16. Qxa7 Nd7 17. Nd4 Bd3 18.
Qxb7 Bc5 19. g4 Qg6 20. Qc6 Bxd4 21. exd4 O-O 22. Qxg6 Rfe8+ 23. Be3 hxg6 24. a4 Ra8 25. Nb3 Bc2 26. Ra3 Bxb3 27. Rxb3 Rxa4 28. O-O Nb6 29.
Rc1 Nc4 30. b6 Rb8 31. b7 Ra7 32. Rb5 Rbxb7 33. Rxd5 Nxe3 34. fxe3 Rb3 35. g5 Rxe3 36. Rd8+ Kh7 37. Rcc8 Rg3+ 38. Kf2 1-0

[Event "*** Titled Tuesday Blitz"]
[Site "Chess.com"]
[Date "2019.05.07"]
[Round "2"]
[White "nitpicker"]
[Black "albano87"]
[Result "1-0"]
[WhiteElo "2230"]
[BlackElo "2231"]
[TimeControl "180+2"]
[EndTime "13:24:21 PDT"]
[Termination "nitpicker won by resignation"]

1. d4 Nf6 2. c4 e6 3. g3 d5 4. Nf3 Be7 5. Bg2 O-O 6. O-O dxc4 7. Ne5 Nc6 8. Bxc6 bxc6 9. Nxc6 Qe8 10. Nxe7+ Qxe7 11. Qa4 e5 12. dxe5 Qxe5 13. Qxc4 a5 14. Nc3 Ba6 15. Qf4 Qh5 16. f3 Rfe8 17. Re1 Qc5+ 18.
Kg2 Rad8 19. e4 Rd3 20. Be3 Qb4 21. Rab1 c5 22. e5 Nd7 23. a3 Qb7 24. Qe4 Qc7 25.
Rbd1 c4 26. Nd5 Qxe5 27. Qxe5 Rxe5 28. Rxd3 cxd3 29. Nf4 f6 30. Kf2 g5 31. Nh5 Kf7 32. g4 Rb5 33. Bd4 Ne5 34. Rd1 Rb3 35. Ng3 Bb7 36. Bxe5 fxe5 37. Rd2 Ke6 38. Ne4 Kd5 39. Ke3 Ba6 40. Nxg5 h6 41. Ne4 Rb8 42. Nf2 Rc8 43. Nxd3 Ke6 44. Nf2 Rc1 45. Ne4 Re1+ 46. Kf2 Rf1+ 47.
Kg2 Rc1 48. Rd6+ Kf7 49. Rxa6 1-0

[Event "*** Titled Tuesday Blitz"]
[Site "Chess.com"]
[Date "2019.05.07"]
[Round "2"]
[White "MFguimaraes"]
[Black "Benjoneliere44"]
[Result "1-0"]
[WhiteElo "2319"]
[BlackElo "2484"]
[TimeControl "180+2"]
[EndTime "13:24:22 PDT"]
[Termination "MFguimaraes won by resignation"]

1. e4 c5 2. Nf3 d6 3. d4 cxd4 4. Nxd4 Nf6 5. Nc3 g6 6. Bc4 Bg7 7. Bb3 O-O 8. f3 Nc6 9. Be3 Bd7 10. Qd2 Rc8 11. h4 h5 12. Nxc6 bxc6 13. Bh6 c5 14.
Bxg7 Kxg7 15. a3 Qb6 16. Nd5 Nxd5 17. exd5 c4 18. Qc3+ Kg8 19. Ba2 Rc5 20. O-O-O Rb8 21. g4 Rb5 22. Bxc4 Rxb2 23. Bb3 Rxb3 24. Qxb3 Qc7 25.
Qd3 Ba4 26. gxh5 Rb3 27. Qe2 Qc5 28. Rd3 Qxa3+ 29. Kd2 Qb4+ 30. Ke3 Qc5+ 31. Kf4 Rb4+ 32. Kg3 Bb5 33. Qxe7 Bxd3 34. Qe8+ Kg7 35. h6+ Kh7 36. Qxf7+ Kxh6 37. h5 g5 38. Qf6+ Kh7 39. Qe7+ Kh6 40. Qf8+ Kh7 41. Qf7+ Kh6 42. cxd3 Rg4+ 43. Kxg4 Qd4+ 44.
Kg3 Qe5+ 45. Kh3 Qf5+ 46. Qxf5 1-0

[Event "*** Titled Tuesday Blitz"]
[Site "Chess.com"]
[Date "2019.05.07"]
[Round "2"]
[White "Fins0905"]
[Black "muran29"]
[Result "0-1"]
[WhiteElo "2687"]
[BlackElo "2411"]
[TimeControl "180+2"]
[EndTime "13:24:31 PDT"]
[Termination "muran29 won by resignation"]

1. e4 e5 2. Nf3 Nc6 3. Bb5 a6 4. Bxc6 dxc6 5. O-O Bg4 6. h3 h5 7. d3 Qf6 8. Be3 Ne7 9. Nbd2 Ng6 10. hxg4 hxg4 11.
Ng5 Nf4 12. Bxf4 Qxf4 13. g3 Qxg5 14. Kg2 Rh3 15. Nc4 Bc5 16. Rh1 O-O-O 17. Rxh3 gxh3+ 18. Kxh3 Rh8+ 19. Kg2 b5 20. Nd2 Bxf2 21. Nf1 Bb6 22. Qf3 Qh6 23. Qg4+ Kb7 24. Qh4 Qxh4 25. gxh4 Rxh4 26.
Ng3 g6 27. Ne2 f5 28. exf5 gxf5 29. Rf1 f4 30. Kf3 Rh3+ 31. Kg4 Rh2 32. Kf3 a5 33. b3 Be3 34. c3 c5 35. d4 exd4 36.
cxd4 cxd4 37. Rd1 c5 38. Rf1 Kc6 39. Nxf4 Bxf4 40. Kxf4 Rxa2 41. Ke5 Re2+ 0-1

[Event "*** Titled Tuesday Blitz"]
[Site "Chess.com"]
[Date "2019.05.07"]
[Round "2"]
[White "Perecke"]
[Black "zurzan"]
[Result "1-0"]
[WhiteElo "2103"]
[BlackElo "2004"]
[TimeControl "180+2"]
[EndTime "13:24:31 PDT"]
[Termination "Perecke won on time"]

1. e4 d6 2. d4 Nf6 3. Nc3 Nbd7 4. f4 e5 5. Nf3 exd4 6. Nxd4 g6 7.
Be2 Bg7 8. O-O O-O 9. Be3 Re8 10. Bf3 Nc5 11. f5 Nfxe4 12. Nxe4 Nxe4 13. fxg6 hxg6 14. Bxe4 Rxe4 15. Qf3 Qe8 16. Rae1 Bxd4 17. Bxd4 Rxe1 18. Qf6 Rxf1+ 19. Kxf1 Qb5+ 20. Kg1 Kf8 21. Qd8+ Qe8 22. Bg7+ Kxg7 23. Qxe8 b6 24. Qd8 c5 25.
Qxd6 Be6 26. a3 Rc8 27. Qe7 a6 28. Qb7 Re8 29. Qxa6 Bf5 30. Qxb6 Bxc2 31. Qxc5 Bf5 32. a4 Re1+ 33. Kf2 Rb1 34. Kg3 Kh7 35. b4 Rb3+ 36.
Kf4 Kg7 37. Qd4+ f6 38. a5 Rb1 39. a6 Rf1+ 40. Kg3 g5 41. a7 1-0